 Dungeon Crawl Stone Soup version 0.22-a0-407-gb098539 (webtiles) character file.

8837 galech the Covered (level 11, 0/85 HPs)
             Began as a Gnoll Wanderer on May 9, 2018.
             Was a High Priest of Okawaru.
             Slain by a killer bee (5 damage)
             ... on level 10 of the Dungeon.
             The game lasted 00:16:47 (7224 turns).

galech the Covered (Gnoll Wanderer)                 Turns: 7224, Time: 00:16:48

Health: 0/85       AC: 23    Str: 14    XL:     11   Next: 37%
Magic:  18/20      EV: 12    Int: 14    God:    Okawaru [*****.]
Gold:   466        SH:  0    Dex: 28    Spells: 22/22 levels left

rFire    . . .     SeeInvis .   E - +9 glaive of Vutreivy {chaos, *Drain rPois Dex+3}
rCold    . . .     Gourm    .   (shield currently unavailable)
rNeg     . . .     Faith    .   R - +0 plate armour
rPois    +         Spirit   .   w - +0 helmet
rElec    .         Reflect  .   (no cloak)
rCorr    .         Harm     .   I - +0 pair of gloves
MR       .....                  (no boots)
Stlth    +.........             s - amulet of regeneration
HPRegen  0.64/turn              g - +6 ring of dexterity
MPRegen  0.17/turn              O - +5 ring of protection

@: lethally poisoned (0 -> 0), heroism
A: distributed training, fangs 1, strong nose
a: Heroism, Finesse, Renounce Religion


You were on level 10 of the Dungeon.
You worshipped Okawaru.
Okawaru was extremely pleased with you.
You were not hungry.

You visited 2 branches of the dungeon, and saw 12 of its levels.

You collected 466 gold pieces.

Inventory:

Hand Weapons
 a - a +2 short sword
 e - a +1 short sword of venom
 j - a +1 dagger of speed
 E - the +9 glaive of Vutreivy (weapon) {chaos, *Drain rPois Dex+3}
   (You found it on level 4 of the Dungeon)

   Each time it hits an enemy it has a different, random effect.
   It affects your dexterity (+3).
   It protects you from poison.
   It causes draining when unequipped.
Armour
 r - a +0 shield
 w - a +0 helmet (worn)
 A - a +0 chain mail
 I - a +0 pair of gloves (worn)
 R - a +0 plate armour (worn)
Jewellery
 g - a +6 ring of dexterity (left hand)
 p - a +2 amulet of reflection
 s - an amulet of regeneration (around neck)
 z - an uncursed ring of poison resistance
 H - an uncursed ring of resist corrosion
 J - an uncursed ring of protection from magic
 O - a +5 ring of protection (right hand)
Wands
 D - a wand of digging (13)
 M - a wand of acid (18)
 Q - a wand of polymorph (14)
Scrolls
 h - 5 scrolls of remove curse
 n - a scroll of magic mapping
 t - 2 scrolls of amnesia
 u - 5 scrolls of fog {unknown}
 v - a scroll of blinking {unknown}
 x - 3 scrolls of enchant armour
 y - 3 scrolls of enchant weapon {unknown}
 B - 2 scrolls of teleportation {unknown}
 C - a scroll of immolation {unknown}
 K - 4 scrolls of identify
Potions
 b - a potion of lignification
 c - 2 potions of curing
 d - a potion of haste {unknown}
 l - 2 potions of cancellation {unknown}
 m - 3 potions of brilliance {unknown}
 o - a potion of heal wounds {unknown}
 F - a potion of agility {unknown}
 G - 2 potions of ambrosia {unknown}
 L - a potion of berserk rage
 N - 3 potions of degeneration {unknown}
 P - 2 potions of might {unknown}
Comestibles
 f - 13 rations


   Skills:
 + Level 7.7(12.7) Fighting
 + Level 7.7(12.7) Short Blades
 + Level 6.1(11.1) Long Blades
 + Level 6.7(11.7) Axes
 + Level 6.1(11.1) Maces & Flails
 + Level 6.1(11.1) Polearms
 + Level 6.1(11.1) Staves
 + Level 6.1(11.1) Slings
 + Level 6.1(11.1) Bows
 + Level 6.1(11.1) Crossbows
 + Level 7.7(12.7) Throwing
 + Level 7.7(12.7) Armour
 + Level 6.7(11.7) Dodging
 + Level 6.1(11.1) Stealth
 + Level 6.1(11.1) Shields
 + Level 6.1(11.1) Unarmed Combat
 + Level 6.1 Spellcasting
 + Level 5.0 Conjurations
 + Level 5.0 Hexes
 + Level 5.0 Charms
 + Level 5.0 Summonings
 + Level 5.0 Necromancy
 + Level 5.0 Translocations
 + Level 5.0 Transmutations
 + Level 5.0 Fire Magic
 + Level 5.0 Ice Magic
 + Level 5.0 Air Magic
 + Level 5.0 Earth Magic
 + Level 5.0 Poison Magic
 + Level 6.7 Invocations
 + Level 6.1 Evocations


You had 22 spell levels left.
You didn't know any spells.

Dungeon Overview and Level Annotations

Branches:
Dungeon (11/15)            Temple (1/1) D:5            Lair (0/6) D:10
    Orc: D:9-12

Altars:
Ashenzari
Cheibriados
Dithmenos
Elyvilon
Fedhas
Gozag
Hepliaklqana
Kikubaaqudgha
Makhleb
Okawaru
Ru
Sif Muna
Trog
Uskayaw
Vehumet
Wu Jian
Xom
Yredelemnul
Zin


Innate Abilities, Weirdness & Mutations

Your experience applies equally to all skills.
You have very sharp teeth.
Your uncanny sense of smell can sniff out nearby items.


Message History

Something barely misses you.
You barely miss something.
You feel like a meek peon again.
Something stings you but does no damage. x4
You miss something. Your bite misses something.
You feel sick.
Something stings you but does no damage. x3
Something stings you.
* * * LOW HITPOINT WARNING * * *
You feel better.
Something stings you but does no damage. x3
You gain the combat prowess of a mighty hero.
Something stings you!
* * * LOW HITPOINT WARNING * * *
You are poisoned.
Something poisons you! Something barely misses you.
Something stings you but does no damage.
You closely miss something. You bite something.
You feel sick.
Something stings you but does no damage.
Something stings you.
You die...

..................# .# #.....
....##'##.........#########..#..#
....#...#...............#....#...
##'##...#######.........#....#...
........#.........#.....#....#...
.....†..#.........#.....#....#...
......).#......y..#.....#....#...
#####.#.#########)#########'##...
......#.....#...@{..#....#.......
......#.....#.......#....#.......
......#.....#.......#....'.......
......#.....#.......#....#Z......
####..#...################'#...##
...#......#................#...#.
...'......#................#...#.
...#......#....Z...........#...#.
#'##...##.>#####################.


There were no monsters in sight!

Vanquished Creatures
  4 two-headed ogres
  The ghost of azzavlup the Grappler, a novice DrTm (D:7)
  A hornet (D:10)
  A merfolk (D:9)
  2 hippogriffs (D:7)
  Sigmund (D:3)
  Grum (D:8)
  A water moccasin (D:7)
  2 ice beasts
  4 sky beasts
  5 orc warriors
  2 black bears
  4 phantoms
  2 ogres
  2 centaurs
  2 wolves
  A big kobold (D:7)
  8 bullfrogs
  2 scorpions (D:6)
  9 wights
  3 killer bees (D:10)
  4 crimson imps
  3 howler monkeys
  2 bullfrog zombies
  4 hounds
  4 orc priests
  A bullfrog skeleton (D:5)
  3 jellies
  8 orc wizards
  An iguana (D:5)
  6 worker ants
  A hound zombie (D:3)
  A mummy (D:5)
  Robin (D:4)
  A howler monkey zombie (D:6)
  7 adders
  4 gnolls (D:4)
  A howler monkey skeleton (D:5)
  3 oozes
  5 worms
  2 dart slugs
  6 leopard geckos
  38 orcs
  5 giant cockroaches
  14 hobgoblins
  6 jackals
  4 quokkas
  11 bats
  2 frilled lizards
  14 goblins
  A jackal skeleton (D:4)
  10 kobolds
  A leopard gecko skeleton (D:7)
  A leopard gecko zombie (D:5)
  A quokka skeleton (D:4)
  10 rats
244 creatures vanquished.

Notes
Turn   | Place    | Note
-------+----------+-------------------------------------------
     0 | D:1      | galech the Gnoll Wanderer began the quest for the Orb.
     0 | D:1      | galech set off with: a +2 short sword, a potion of lignification, a potion of curing, a +0 robe, a ration
     0 | D:1      | Reached XP level 1. HP: 20/20 MP: 1/1
   162 | D:1      | Reached XP level 2. HP: 19/26 MP: 2/2
   524 | D:2      | Found a hazy altar of Hepliaklqana.
   528 | D:2      | Reached XP level 3. HP: 31/31 MP: 3/3
   727 | D:2      | Reached skill level 1 in Invocations
  1292 | D:3      | Reached skill level 1 in Long Blades
  1292 | D:3      | Reached skill level 1 in Maces & Flails
  1292 | D:3      | Reached skill level 1 in Polearms
  1292 | D:3      | Reached skill level 1 in Staves
  1292 | D:3      | Reached skill level 1 in Slings
  1292 | D:3      | Reached skill level 1 in Bows
  1292 | D:3      | Reached skill level 1 in Crossbows
  1292 | D:3      | Reached skill level 1 in Stealth
  1292 | D:3      | Reached skill level 1 in Shields
  1292 | D:3      | Reached skill level 1 in Unarmed Combat
  1292 | D:3      | Reached skill level 1 in Spellcasting
  1292 | D:3      | Reached skill level 1 in Evocations
  1303 | D:3      | Reached XP level 4. HP: 38/38 MP: 5/5
  1686 | D:3      | Reached skill level 1 in Conjurations
  1686 | D:3      | Reached skill level 1 in Hexes
  1686 | D:3      | Reached skill level 1 in Charms
  1686 | D:3      | Reached skill level 1 in Summonings
  1686 | D:3      | Reached skill level 1 in Necromancy
  1686 | D:3      | Reached skill level 1 in Translocations
  1686 | D:3      | Reached skill level 1 in Transmutations
  1686 | D:3      | Reached skill level 1 in Fire Magic
  1686 | D:3      | Reached skill level 1 in Ice Magic
  1686 | D:3      | Reached skill level 1 in Air Magic
  1686 | D:3      | Reached skill level 1 in Earth Magic
  1686 | D:3      | Reached skill level 1 in Poison Magic
  1787 | D:3      | Noticed Sigmund
  1804 | D:3      | Killed Sigmund
  1804 | D:3      | Reached XP level 5. HP: 16/43 MP: 5/7
  1804 | D:3      | Reached XP level 6. HP: 18/50 MP: 5/8
  2245 | D:4      | Reached skill level 5 in Fighting
  2245 | D:4      | Reached skill level 5 in Short Blades
  2245 | D:4      | Reached skill level 5 in Throwing
  2245 | D:4      | Reached skill level 5 in Armour
  2317 | D:4      | Noticed Robin
  2329 | D:4      | Killed Robin
  2436 | D:4      | Got an ichor-stained glaive
  2442 | D:4      | Identified the +9 glaive of Vutreivy {chaos, *Drain rPois Dex+3} (You found it on level 4 of the Dungeon)
  2506 | D:4      | Noticed a phantom
  2513 | D:4      | Killed a phantom
  2513 | D:4      | Reached XP level 7. HP: 48/56 MP: 10/10
  3272 | D:5      | Entered Level 5 of the Dungeon
  3609 | D:5      | Reached XP level 8. HP: 48/63 MP: 12/12
  3678 | D:5      | Found a snail-covered altar of Cheibriados.
  3753 | D:5      | Found a staircase to the Ecumenical Temple.
  3769 | Temple   | Entered the Ecumenical Temple
  3775 | Temple   | Became a worshipper of Warmaster Okawaru
  4043 | D:6      | Found an ancient bone altar of Kikubaaqudgha.
  4249 | D:6      | Reached XP level 9. HP: 66/69 MP: 14/14
  4257 | D:6      | Reached * piety under Okawaru
  4477 | D:6      | Found a shimmering altar of Xom.
  4672 | D:6      | Found a glowing silver altar of Zin.
  4683 | D:6      | Found an ornate altar of the Wu Jian Council.
  4910 | D:7      | Reached skill level 5 in Axes
  4910 | D:7      | Reached skill level 5 in Dodging
  4952 | D:7      | Reached ** piety under Okawaru
  5119 | D:7      | Reached skill level 5 in Invocations
  5205 | D:7      | Noticed azzavlup's ghost (novice DrTm)
  5211 | D:7      | Reached XP level 10. HP: 66/77 MP: 17/17
  5224 | D:7      | Killed azzavlup's ghost
  5268 | D:7      | Reached *** piety under Okawaru
  5276 | D:7      | Found a basalt altar of Yredelemnul.
  5284 | D:7      | Reached skill level 5 in Long Blades
  5284 | D:7      | Reached skill level 5 in Maces & Flails
  5284 | D:7      | Reached skill level 5 in Polearms
  5284 | D:7      | Reached skill level 5 in Staves
  5284 | D:7      | Reached skill level 5 in Slings
  5284 | D:7      | Reached skill level 5 in Bows
  5284 | D:7      | Reached skill level 5 in Crossbows
  5284 | D:7      | Reached skill level 5 in Stealth
  5284 | D:7      | Reached skill level 5 in Shields
  5284 | D:7      | Reached skill level 5 in Unarmed Combat
  5284 | D:7      | Reached skill level 5 in Spellcasting
  5284 | D:7      | Reached skill level 5 in Evocations
  5663 | D:8      | Noticed a two-headed ogre
  5667 | D:8      | Killed a two-headed ogre
  5685 | D:8      | Noticed Grum
  5743 | D:7      | Reached **** piety under Okawaru
  6012 | D:8      | Killed Grum
  6161 | D:8      | Received a gift from Okawaru
  6809 | D:9      | You fall through a shaft for 2 floors!
  6825 | D:11     | Reached XP level 11. HP: 84/84 MP: 19/19
  6856 | D:10     | Entered Level 10 of the Dungeon
  6865 | D:10     | Noticed a two-headed ogre
  6867 | D:10     | Killed a two-headed ogre
  6871 | D:10     | Killed a two-headed ogre
  7086 | D:10     | Found a staircase to the Lair.
  7125 | D:10     | Reached skill level 5 in Conjurations
  7125 | D:10     | Reached skill level 5 in Hexes
  7125 | D:10     | Reached skill level 5 in Charms
  7125 | D:10     | Reached skill level 5 in Summonings
  7125 | D:10     | Reached skill level 5 in Necromancy
  7125 | D:10     | Reached skill level 5 in Translocations
  7125 | D:10     | Reached skill level 5 in Transmutations
  7125 | D:10     | Reached skill level 5 in Fire Magic
  7125 | D:10     | Reached skill level 5 in Ice Magic
  7125 | D:10     | Reached skill level 5 in Air Magic
  7125 | D:10     | Reached skill level 5 in Earth Magic
  7125 | D:10     | Reached skill level 5 in Poison Magic
  7176 | D:10     | Noticed a two-headed ogre
  7200 | D:10     | Killed a two-headed ogre
  7200 | D:10     | Reached ***** piety under Okawaru
  7221 | D:10     | HP: 2/85 [something (4)]
  7224 | D:10     | Slain by a killer bee

Vault maps used:
D:1:      shiori_shiawase, minmay_fountain_box
D:2:      kennysheep_six_static_rooms, nicolae_overflow_crystal_walls,
          serial_curves, eino_curves_01, eino_curves_03, eino_curves_02,
          eino_curves_02
D:3:      first_ration, uniq_sigmund
D:4:      uniq_robin
D:5:      slow_altar_1, minmay_temple_entry_mist
D:6:      kiku_gazebo_garden_becter, amethyst_overflow_temple_binary,
          grunt_decor_mini_mirrors, xom_teletrap_fun
D:7:      old_standard_altar
D:8:      uniq_grum
D:9:      kennysheep_cross_bottleneck, hangedman_fish_farm
D:10:     lair_entry_dummy
D:11:     corexii_hall_statues_u
Temple:   nicolae_temple_x_marks_the_god

Skill      XL: |  1  2  3  4  5  6  7  8  9 10 11 |
---------------+----------------------------------+-----
Invocations    | 1 2 3 4 5 6 |  6.7
Long Blades    | 1 2 3 4 5 6 |  6.1
Maces & Flails | 1 2 3 4 5 6 |  6.1
Polearms       | 1 2 3 4 5 6 |  6.1
Staves         | 1 2 3 4 5 6 |  6.1
Slings         | 1 2 3 4 5 6 |  6.1
Bows           | 1 2 3 4 5 6 |  6.1
Crossbows      | 1 2 3 4 5 6 |  6.1
Stealth        | 1 2 3 4 5 6 |  6.1
Shields        | 1 2 3 4 5 6 |  6.1
Unarmed Combat | 1 2 3 4 5 6 |  6.1
Spellcasting   | 1 2 3 4 5 6 |  6.1
Evocations     | 1 2 3 4 5 6 |  6.1
Conjurations   | 1 2 3 4 5 |  5.0
Hexes          | 1 2 3 4 5 |  5.0
Charms         | 1 2 3 4 5 |  5.0
Summonings     | 1 2 3 4 5 |  5.0
Necromancy     | 1 2 3 4 5 |  5.0
Translocations | 1 2 3 4 5 |  5.0
Transmutations | 1 2 3 4 5 |  5.0
Fire Magic     | 1 2 3 4 5 |  5.0
Ice Magic      | 1 2 3 4 5 |  5.0
Air Magic      | 1 2 3 4 5 |  5.0
Earth Magic    | 1 2 3 4 5 |  5.0
Poison Magic   | 1 2 3 4 5 |  5.0
Axes           | 3 4 5 6 |  6.7
Dodging        | 3 4 5 6 |  6.7
Fighting       | 5 6 7 |  7.7
Short Blades   | 5 6 7 |  7.7
Throwing       | 5 6 7 |  7.7
Armour         | 5 6 7 |  7.7

Action                   |  1- 3 |  4- 6 |  7- 9 | 10-12 || total
-------------------------+-------+-------+-------+-------++-------
Melee: Short sword       |   110 |   134 |       |       ||   244
       Bite              |    12 |    22 |    35 |    25 ||    94
       Glaive            |       |     5 |   243 |   190 ||   438
Invok: Heroism           |       |       |       |     2 ||     2
  Use: Scroll            |     1 |       |     3 |     1 ||     5
       Potion            |       |       |       |     2 ||     2
 Stab: Sleeping          |     6 |       |       |       ||     6
       Confused          |       |       |     2 |       ||     2
       Paralysed         |       |       |     2 |       ||     2
  Eat: Chunk             |     1 |     4 |     9 |     7 ||    21
Armor: Robe              |     6 |       |       |       ||     6
       Ring mail         |    14 |    12 |       |       ||    26
       Chain mail        |       |    36 |   172 |    79 ||   287
       Plate armour      |       |       |       |    92 ||    92
Dodge: Dodged            |    51 |    38 |   128 |   115 ||   332
Block: Buckler           |    18 |    23 |       |       ||    41
       Reflection        |     2 |       |       |       ||     2

Table legend:
 A = Spawn XP
 B = Non-spawn XP
 C = Spawn XP percentage of total XP
 D = Spawn monster count
 E = Non-spawn monster count
 F = Spawn count percentage of total count
 G = Total turns spent on level
                    A         B        C        D         E        F      G
               +---------+---------+-------+---------+---------+-------+---------
         Total |       0 |   12625 |   0.0 |       0 |     244 |   0.0 |  7224
               +---------+---------+-------+---------+---------+-------+---------
           D:1 |       0 |      30 |   0.0 |       0 |      18 |   0.0 |   513
           D:2 |       0 |      47 |   0.0 |       0 |      22 |   0.0 |   783
           D:3 |       0 |     311 |   0.0 |       0 |      29 |   0.0 |   872
           D:4 |       0 |     557 |   0.0 |       0 |      33 |   0.0 |  1343
           D:5 |       0 |     849 |   0.0 |       0 |      19 |   0.0 |   457
           D:6 |       0 |    1025 |   0.0 |       0 |      22 |   0.0 |   827
           D:7 |       0 |    3247 |   0.0 |       0 |      56 |   0.0 |   949
           D:8 |       0 |    2313 |   0.0 |       0 |      25 |   0.0 |   779
           D:9 |       0 |     677 |   0.0 |       0 |       7 |   0.0 |   271
          D:10 |       0 |    3365 |   0.0 |       0 |       9 |   0.0 |   368
          D:11 |       0 |     204 |   0.0 |       0 |       4 |   0.0 |    47
               +---------+---------+-------+---------+---------+-------+---------
